 Dungeon Crawl Stone Soup version 0.28.0 (webtiles) character file.

Game seed: 7760026952757388419

121 browni3141 the Skirmisher (level 4, 0/61 HPs)
             Began as a Minotaur Berserker on Feb 16, 2022.
             Was a Believer of Trog.
             Succumbed to Ijyb's poison
             ... on level 3 of the Dungeon.
             The game lasted 00:01:18 (3606 turns).

browni3141 the Skirmisher (Minotaur Berserker)      Turns: 3606, Time: 00:01:18

Health: 0/61       AC:  8    Str: 24    XL:     4   Next: 77%
Magic:  3/3        EV: 10    Int:  4    God:    Trog [**....]
Gold:   115        SH:  0    Dex:  9    Spells: 3/3 levels left

rFire   . . .      SeeInvis .   a - +0 hand axe
rCold   . . .      Faith    .   (no shield)
rNeg    . . .      Spirit   .   q - +0 scale mail
rPois   .          Reflect  .   (helmet restricted)
rElec   .          Harm     .   l - +0 cloak
rCorr   .          Rampage  .   (no gloves)
Will    .....                   (no boots)
Stlth   ..........              (no amulet)
HPRegen 0.20/turn               (no ring)
MPRegen 0.08/turn               (no ring)

@: berserking, lethally poisoned (0 -> -10), very quick
A: horns 2, retaliatory headbutt
a: Renounce Religion, Berserk, Trog's Hand


You were on level 3 of the Dungeon.
You worshipped Trog.
Trog was pleased with you.
You visited 1 branch of the dungeon, and saw 3 of its levels.

You collected 115 gold pieces.

Inventory:

Hand Weapons
 a - a +0 hand axe (weapon)
Armour
 b - a +0 animal skin
 l - a +0 cloak (worn)
 q - a +0 scale mail (worn)
Scrolls
 d - a scroll of silence {unknown}
 e - a scroll of blinking {unknown}
 f - a scroll of noise {unknown}
 g - a scroll of holy word {unknown}
 h - a scroll of vulnerability {unknown}
 i - a scroll of identify {unknown}
 k - a scroll of enchant weapon {unknown}
 m - a scroll of teleportation {unknown}
 n - a scroll of fog {unknown}
Potions
 c - 2 potions of mutation {unknown}
 j - 2 potions of haste
 o - 4 potions of curing {unknown}
 p - a potion of flight {unknown}


   Skills:
 + Level 4.8 Fighting
 + Level 4.8 Axes
 + Level 4.0 Armour
 - Level 2.1 Dodging


You had 3 spell levels left.
You didn't know any spells.
Your spell library was empty.

Dungeon Overview and Level Annotations

Branches:
Dungeon (3/15)

Altars:

Shops:
D:2 (

Annotations:
D:3 Ijyb


Innate Abilities, Weirdness & Mutations

You have a pair of horns on your head.
You reflexively headbutt those who attack you in melee.


Message History

Ijyb zaps a wand.
Your mind is blasted!
You barely miss the goblin.
The goblin is moderately wounded.
You closely miss Ijyb. The goblin barely misses you. You furiously retaliate!
You headbutt the goblin.
You kill the goblin!
Trog accepts your kill.
Ijyb hits you with a +3 dagger of venom.
You are poisoned.
Ijyb is nearby!
You feel very sick. Ijyb closely misses you. You furiously retaliate!
You headbutt Ijyb.
Things that are here:
a +0 club; a goblin corpse You closely miss Ijyb.
You punch Ijyb, but do no damage.
Ijyb is lightly wounded.
You feel sick.
Ijyb screams, "Die!"
Ijyb drinks a potion.
Ijyb goes berserk!
Ijyb is nearby!
You feel sick.
Ijyb hits you with a +3 dagger of venom.
Ijyb hits you with a +3 dagger of venom!
* * * LOW HITPOINT WARNING * * *
You are more poisoned.
You are too injured to fight recklessly!
There is a lethal amount of poison in your body!
Unknown command.
A red film seems to cover your vision as you go berserk!
You feel yourself moving faster!
You feel mighty!
* * * LOW HITPOINT WARNING * * *
You feel very sick. Ijyb barely misses you.
You slash Ijyb! Your headbutt misses Ijyb.
Ijyb is moderately wounded.
* * * LOW HITPOINT WARNING * * *
You feel sick. Ijyb misses you.
You barely miss Ijyb. You headbutt Ijyb.
Ijyb is heavily wounded.
You die...

######## ### ###
#......#...# .≈≈##
#......'...+ ≈≈≈#
#......#...# ≈≈##
#''##..#########≈≈#
#...#..........#≈≈##
#.g)#..........'...#
#..@#.......)..'...#
#...#.......)..'...#
#...#.....(....#≈≈..
#...#..#########≈≈.#
#...#..#...#..≈≈≈#.#
##+##.)'...'..≈≈≈#.#
#####..)#..≈≈##.#
#...#####..≈≈##.#
#..........≈≈##.#


You could see Ijyb (berserk).

Vanquished Creatures
  Crazy Yiuf (D:2)
  An adder (D:2)
  2 worms (D:3)
  A dart slug (D:1)
  2 orcs (D:3)
  7 ball pythons
  5 endoplasms
  2 giant cockroaches
  9 goblins
  11 hobgoblins
  5 jackals
  2 quokkas (D:1)
  4 bats
  3 frilled lizards
  6 kobolds
  7 rats
68 creatures vanquished.

Vanquished Creatures (others)
  8 plants (D:1)
8 creatures vanquished.

Grand Total: 76 creatures vanquished

Notes
Turn   | Place    | Note
-------+----------+-------------------------------------------
     0 | D:1      | browni3141 the Minotaur Berserker began the quest for the
                  | Orb.
     0 | D:1      | Reached XP level 1. HP: 19/19 MP: 0/0
   382 | D:1      | Reached XP level 2. HP: 27/27 MP: 1/1
   396 | D:1      | Found a faded altar of an unknown god.
  1212 | D:1      | Reached XP level 3. HP: 33/33 MP: 2/2
  1785 | D:2      | Found Wihokuhu's Weapon Emporium.
  2108 | D:2      | Reached ** piety under Trog
  2419 | D:2      | Found a runed translucent door.
  2420 | D:2      | Noticed Crazy Yiuf
  2846 | D:2      | Killed Crazy Yiuf
  2847 | D:2      | Reached XP level 4. HP: 41/41 MP: 3/3
  3594 | D:3      | Noticed Ijyb
  3604 | D:3      | HP: 3/61 [poisoned by Ijyb]
  3605 | D:3      | HP: 1/61 [poisoned by Ijyb]
  3606 | D:3      | Succumbed to Ijyb's poison

Illustrated notes

Levels and vault maps discovered:
D:1:      ncdulo_halloftheorcs, layout_rooms,
          shapermc_ecumenical_altar_mp_urbaneastern, serial_bayou,
          serial_bayou_pond_e, serial_bayou_shore_a, serial_bayou_lake_a,
          serial_bayou_pond_b, serial_bayou_pond_e
D:2:      layout_loops_ring, serial_shops, shop, grunt_decor_one_mirror,
          uniq_crazy_yiuf_cottage
D:3:      kennysheep_goblin_castle, layout_basic, hangedman_decor_slide_cut,
          grunt_ministairs_6, st_stairs_9

Skill      XL: |  1  2  3  4 |
---------------+-------------+-----
Axes           | 4 |  4.8
Fighting       | 4 |  4.8
Armour         | 3 4 |  4.0
Dodging        | |  2.1

Action                   |  1- 3 |  4- 6 || total
-------------------------+-------+-------++-------
Melee: Hand axe          |    88 |    46 ||   134
       Headbutt          |     8 |    12 ||    20
       Punch             |       |     1 ||     1
Invok: Berserk           |     2 |     1 ||     3
Armor: Animal skin       |    16 |     5 ||    21
       Scale mail        |       |     8 ||     8
Dodge: Dodged            |    69 |    27 ||    96
